 Dungeon Crawl Stone Soup version 0.30.1-9-gdf580d7c3d (webtiles) character file.

Game seed: 9568864939377211690

305 Ivernyr the Shield-Bearer (level 6, -3/49 HPs)
             Began as a Formicid Fighter on Sept 24, 2023.
             Killed by nerve-wracking pain
             ... invoked by an orc priest
              (9 damage)
             ... on level 4 of the Dungeon.
             The game lasted 00:05:05 (2225 turns).

Ivernyr the Shield-Bearer (Formicid Fighter)        Turns: 2225, Time: 00:05:05

Health: -3/49      AC:  8    Str: 22    XL:     6   Next: 66%
Magic:  6/6        EV:  9    Int:  8    God:
Gold:   227        SH:  5    Dex: 13    Spells: 5/5 levels left

rFire   . . .        a - +0 quarterstaff
rCold   . . .        c - +0 buckler
rNeg    . . .        b - +0 scale mail
rPois   .            (helmet unavailable)
rElec   .            (no cloak)
rCorr   .            (no gloves)
SInv    +            q - +0 pair of boots
Will    .....        (no amulet) Stlth
                     (no ring)
HPRegen 0.28/turn    (no ring)
MPRegen 0.10/turn

%: no passive effects
@: no status effects
A: permanent stasis, dig shafts and tunnels, antennae 3, four strong arms
a: Dig, Shaft Self


You were on level 4 of the Dungeon.
You visited 1 branch of the dungeon, and saw 4 of its levels.

You collected 227 gold pieces.

Inventory:

Hand Weapons
 a - a +0 quarterstaff (weapon)
Armour
 b - a +0 scale mail (worn)
 c - a +0 buckler (worn)
 q - a +0 pair of boots (worn)
Jewellery
 r - a ring of magical power
Scrolls
 e - 2 scrolls of magic mapping {unknown}
 l - 2 scrolls of poison {unknown}
 m - a scroll of identify {unknown}
 n - 3 scrolls of fog {unknown}
Potions
 d - 2 potions of might
 f - 3 potions of brilliance {unknown}
 g - a potion of mutation {unknown}
 h - a potion of haste {unknown}
 i - 3 potions of curing {unknown}
 j - 2 potions of resistance {unknown}
 k - 2 potions of heal wounds {unknown}
 o - a potion of flight {unknown}
 p - a potion of attraction {unknown}


   Skills:
 + Level 4.4 Fighting
 * Level 4.3 Staves
 + Level 4.4 Armour
 + Level 5.4 Shields


You had 5 spell levels left.
You didn't know any spells.
Your spell library contained the following spells:

 Spells                   Type           Power      Damage    Failure   Level
 Frozen Ramparts          Ice            0%         1d1       98%         3
 Ice Form                 Ice/Tmut       0%         N/A       100%        4
 Summon Ice Beast         Ice/Summ       0%         N/A       100%        4


Dungeon Overview and Level Annotations

Branches:
Dungeon (4/15)
 Temple: D:4-7

Altars:


Innate Abilities, Weirdness & Mutations

You cannot be hasted, slowed, berserked, paralysed or teleported.
You can dig through walls and to a lower floor.
You have a pair of large antennae on your head. (SInv)
Your four strong arms can wield two-handed weapons with a shield.


Message History

You block the orc's attack.
You sock the orc priest!
The orc priest is almost dead.
You block the orc's attack. The orc priest barely misses you.
The orc hits you but does no damage. The orc hits you with a +0 hand axe.
You hit the orc priest but do no damage.
The orc priest is almost dead.
The orc priest hits you with a +0 flail.
The orc closely misses you. You block the orc's attack.
The orc closely misses you.
The orc priest looks satisfied for a moment.
The orc hits you but does no damage. x2; The orc barely misses you.
You closely miss the orc priest.
The orc priest is almost dead.
The orc hits you but does no damage. You block the orc's attack.
The orc hits you but does no damage.
The orc priest looks satisfied for a moment.
You hit the orc priest but do no damage.
The orc priest is almost dead.
The orc priest invokes the aid of Beogh against you.
Pain shoots through your body!
* * * LOW HITPOINT WARNING * * *
The orc hits you with a +0 short sword.
* * * LOW HITPOINT WARNING * * *
The orc barely misses you. The orc hits you but does no damage.
The worm bites you.
* * * LOW HITPOINT WARNING * * *
You hit the orc priest.
The orc priest is almost dead.
The orc barely misses you. x2
The orc priest miscasts a cantrip.
The orc hits you but does no damage.
Unknown command.
The orc priest attacks as you move away!
The orc priest barely misses you. The orc attacks as you move away!
The orc barely misses you. The orc attacks as you move away!
You block the orc's attack.
The orc priest invokes the aid of Beogh against you.
Pain shoots through your body!
You die...

##...........#......##
..##...####....##.......#
#..<...# ##...##........
#........##..[..#....[...
#.......................#
#...#...........o.......#
####...........#oo......#
.(........##.w.......
....###...##@o.......
...# ###...........#
#........#.....#
#........###....
.......... #...
.......##.. ... ..##...
.# .. ##.. ..


You could see a worm, an orc priest and 3 orcs.

Vanquished Creatures
  Sigmund (D:3)
  A hound (D:3)
  An orc priest (D:3)
  3 adders
  A dart slug (D:2)
  6 orcs (D:3)
  An endoplasm (D:1)
  2 giant cockroaches
  5 goblins
  4 hobgoblins
  7 kobolds
  A quokka (D:2)
  5 ball pythons
  4 bats
  2 frilled lizards (D:1)
  2 rats (D:1)
46 creatures vanquished.

Notes
Turn   | Place    | Note
-------+----------+-------------------------------------------
     0 | D:1      | Ivernyr the Formicid Fighter began the quest for the Orb.
     0 | D:1      | Reached XP level 1. HP: 18/18 MP: 1/1
    74 | D:1      | Reached XP level 2. HP: 24/24 MP: 2/2
   615 | D:2      | Reached XP level 3. HP: 29/29 MP: 3/3
  1144 | D:2      | Found a faded altar of an unknown god.
  1531 | D:3      | Reached XP level 4. HP: 32/37 MP: 4/4
  1884 | D:3      | Noticed Sigmund
  1896 | D:3      | Killed Sigmund
  1897 | D:3      | Reached skill level 5 in Shields
  1897 | D:3      | Reached XP level 5. HP: 43/43 MP: 5/5
  1897 | D:3      | Reached XP level 6. HP: 49/49 MP: 6/6
  2058 | D:3      | Identified the +7 sling "Moesul" {drain, rCorr MP+9 Str+3}
  2225 | D:4      | Killed from afar by an orc priest

Illustrated notes

Levels and vault maps discovered:
D:1:      minmay_arrival_shoal_huts, layout_loops_cross
D:2:      layout_basic, shapermc_ecumenical_altar_mp_vishouse,
          minmay_misc_feat_enclosed
D:3:      layout_loops_ring, kennysheep_nub, amethyst_killhole, uniq_sigmund
D:4:      layout_cave_pools, bloody_makhleb, gammafunk_temple_overflow_wave,
          gammafunk_ghost_icy

Skill      XL: |  1  2  3  4 |
---------------+-------------+-----
Staves         | 4 |  4.3
Fighting       | 4 |  4.4
Armour         | 4 |  4.4
Shields        | 5 |  5.4

Action                     |  1- 3 |  4- 6 || total
---------------------------+-------+-------++-------
  Melee: Quarterstaff      |    92 |    53 ||   145
 Armour: Scale mail        |    35 |    25 ||    60
  Dodge: Dodged            |    51 |    29 ||    80
  Block: Buckler           |    28 |    21 ||    49
